 Dungeon Crawl Stone Soup version 0.27-a0-1196-g3e9cee4cb2 (webtiles) character file.

Game seed: 7875090150774328784

95 PentaManta the Insei (level 4, 0/28 HPs)
             Began as an Octopode Transmuter on May 28, 2021.
             Slain by a kobold
             ... wielding a +1 vampiric short sword
              (4 damage)
             ... on level 2 of the Dungeon.
             The game lasted 00:03:13 (2765 turns).

PentaManta the Insei (Octopode Transmuter)          Turns: 2765, Time: 00:03:14

Health: 0/28       AC:  1    Str:  9    XL:     4   Next: 66%
Magic:  7/8        EV: 14    Int: 15    God:
Gold:   100        SH:  0    Dex: 19    Spells: 6/9 levels left

rFire    . . .     SeeInvis .     - Unarmed
rCold    . . .     Faith    .   (no shield)
rNeg     . . .     Spirit   .   (helmet currently unavailable)
rPois    .         Reflect  .   (no amulet)
rElec    .         Harm     .   f - +6 ring of dexterity
rCorr    .         Rampage  .   (no ring)
Will     .....                  (no ring)
Stlth    +++.......             (no ring)
HPRegen  0.09/turn              (no ring)
MPRegen  0.11/turn              (no ring)
                                (no ring)
                                (no ring)

@: appendages (expiring), slowed, very slow
A: tentacle spike 3, almost no armour, amphibious, 8 rings, camouflage 1,
gelatinous body 1, (nimble swimmer 1), tentacles
a: End Transformation


You were on level 2 of the Dungeon.
One of your tentacles had grown a beastly spike.
You visited 1 branch of the dungeon, and saw 3 of its levels.

You collected 100 gold pieces.

Inventory:

Hand Weapons
 g - a +0 hunting sling
Missiles
 c - 8 boomerangs of dispersal
 h - 17 stones
Jewellery
 f - a +6 ring of dexterity (left tentacle)
Scrolls
 b - a scroll of teleportation {unknown}
 d - a scroll of summoning {unknown}
 e - a scroll of identify {unknown}
 i - a scroll of torment {unknown}
Potions
 a - a potion of might {unknown}
 j - a potion of mutation {unknown}


   Skills:
 - Level 1.0 Fighting
 + Level 2.5 Dodging
 + Level 3.4 Unarmed Combat
 * Level 3.0 Spellcasting
 * Level 3.1 Transmutations


You had 6 spell levels left.
You knew the following spells:

 Your Spells              Type           Power      Damage    Failure   Level
a - Beastly Appendage     Tmut           22%        N/A       5%          1
b - Wereblood             Tmut           11%        N/A       9%          2

Your spell library contained the following spells:

 Spells                   Type           Power      Damage    Failure   Level
 Spider Form              Tmut/Pois      3%         N/A       32%         3
 Ice Form                 Ice/Tmut       6%         N/A       71%         4
 Hydra Form               Tmut           5%         N/A       83%         5


Dungeon Overview and Level Annotations

Branches:
Dungeon (3/15)

Altars:

Annotations:
D:2 Natasha


Innate Abilities, Weirdness & Mutations

One of your tentacles has grown a beastly spike.
You cannot wear most types of armour.
You are amphibious.
You can wear up to eight rings at the same time.
Your skin changes colour to match your surroundings (Stealth+).
Your rubbery body absorbs attacks. (AC +1, EV +1)
((You are camouflaged near water. (Stealth+)))
You have tentacles for arms and can constrict up to eight enemies at once.


Message History

You tentacle-slap the hobgoblin.
You kill the hobgoblin!
You tentacle-slap the goblin. Your grab misses the goblin.
The goblin is severely wounded.
The goblin closely misses you.
You barely miss the goblin. You grab the goblin. You squeeze the goblin.
You kill the goblin!
No target in view!
No target in view!
No target in view!
j - a viscous red potion You see here a hobgoblin corpse.
There is a stone staircase leading up here.
Casting: Beastly Appendage (safe; 5% risk of failure)
Confirm with . or Enter, or press ? or * to list all spells.
One of your tentacles grows a vicious spike.
You climb upwards.
Level annotation: Natasha Natasha stares at you and mumbles some strange words.
The magic dart hits you!
There is a stone staircase leading down here.
Natasha howls an incantation.
Natasha glows brightly for a moment.
Natasha stares at you and mumbles some strange words.
You feel yourself slow down. Natasha claws you but does no damage.
The kobold hits you with a +1 vampiric short sword.
You miss Natasha. Your grab misses Natasha. You squeeze Natasha.
Natasha is moderately wounded.
Natasha barely misses you.
The kobold hits you with a +1 vampiric short sword.
Natasha claws you.
The kobold hits you with a +1 vampiric short sword.
* * * LOW HITPOINT WARNING * * *
You tentacle-slap Natasha. Your grab misses Natasha.
Natasha is heavily wounded.
Your transformation is almost over.
Natasha closely misses you.
The kobold hits you with a +1 vampiric short sword.
You die...

#......# #......
#.###### ####### #.#
#.# #.# ####÷#
##>...#########
#####..............
#......@K...#########
#.##...h.....$.....S.
...
#..♣.♣♣..########.
... ##♣P..♣♣♣# ...
♣.P♣ ..# ..♣P ..# ♣..
..# #<#♣♣.


.PP .†# #.# ♣.P You could see Natasha and a kobold.

Vanquished Creatures
  Natasha (twice) (D:2)
  An adder (D:2)
  A worm (D:2)
  5 endoplasms
  2 giant cockroaches (D:1)
  7 goblins
  4 hobgoblins
  3 kobolds
  3 ball pythons
  2 bats (D:1)
  3 frilled lizards
  2 rats (D:2)
35 creatures vanquished.

Vanquished Creatures (others)
  4 plants (D:2)
4 creatures vanquished.

Grand Total: 39 creatures vanquished

Notes
Turn   | Place    | Note
-------+----------+-------------------------------------------
     0 | D:1      | PentaManta the Octopode Transmuter began the quest for the
                  | Orb.
     0 | D:1      | Reached XP level 1. HP: 13/13 MP: 3/3
   565 | D:1      | Reached XP level 2. HP: 10/18 MP: 3/5
  1533 | D:2      | Reached XP level 3. HP: 22/23 MP: 4/6
  1779 | D:2      | Noticed Natasha
  2010 | D:2      | Killed Natasha
  2011 | D:2      | Reached XP level 4. HP: 10/28 MP: 4/8
  2456 | D:2      | Noticed Natasha
  2463 | D:2      | Killed Natasha
  2472 | D:2      | Learned a level 2 spell: Wereblood
  2477 | D:2      | Noticed Natasha
  2765 | D:2      | Slain by a kobold

Illustrated notes

Levels and vault maps discovered:
D:1:      eino_arrival_druids_welcome, layout_basic, minmay_small_reverse_x
D:2:      layout_loops_ring, serial_forest, infiniplex_forest_straight_4,
          infiniplex_forest_clump_medium, infiniplex_forest_side_room,
          infiniplex_forest_3_way, infiniplex_forest_clump_small, uniq_robin,
          uniq_natasha
D:3:      layout_loops_ring

Skill      XL: |  1  2  3  4 |
---------------+-------------+-----
Spellcasting   | 3 |  3.0
Transmutations | 3 |  3.1
Fighting       | |  1.0
Dodging        | |  2.5
Unarmed Combat | |  3.4

Action                   |  1- 3 |  4- 6 || total
-------------------------+-------+-------++-------
Melee: Unarmed           |    65 |    49 ||   114
       Constrict         |    15 |     4 ||    19
       Kick              |    16 |    10 ||    26
       Tentacles         |     6 |    17 ||    23
       Punch             |     1 |     1 ||     2
 Cast: Beastly Appendage |    24 |     7 ||    31
 Stab: Sleeping          |     6 |       ||     6
Armor: Skin              |     4 |     1 ||     5
Dodge: Dodged            |    29 |     8 ||    37

Table legend: (Time is in decaauts)
 A = Elapsed time spent in this place.
 B = Non-inter-level travel time spent in this place.
 C = Inter-level travel time spent in this place.
 D = Time resting spent in this place.
 E = Time spent auto-exploring this place.
 F = Levels seen in this place.
 G = Mean time per level.
                   A        B        C        D        E       F      G
               +--------+--------+--------+--------+--------+-----+--------+
         Total |   2764 |   2757 |      7 |    452 |   1956 |   3 |  921.3 |
       Dungeon |   2764 |   2757 |      7 |    452 |   1956 |   3 |  921.3 |
               +--------+--------+--------+--------+--------+-----+--------+

Top non-repeatable levels by time:
     D:1: 1439 daAuts
     D:2: 1046 daAuts
     D:3: 278 daAuts
